 Dungeon Crawl Stone Soup version bcrawl-1.13-1-g4ae1fcee6e (webtiles) character file.

Game seed: 3747657210731293619

146744 Chiseanne the Devastator (level 17, -2/97 HPs)
             Began as an Avariel Archaeologist on July 22, 2019.
             Was a High Priest of Vehumet.
             Slain by an Executioner (26 damage)
             ... summoned by a deep elf demonologist
             ... on level 3 of the Elven Halls on July 29, 2019.
             The game lasted 02:29:11 (39986 turns).

Chiseanne the Devastator (Avariel Archaeologist)   Turns: 39986, Time: 02:29:11

Health: -2/97      AC: 12    Str: 10    XL:     17   Next: 45%
Magic:  0/36       EV: 45    Int: 31    God:    Vehumet [*****.]
Gold:   353        SH:  9    Dex: 18    Spells: 2/43 levels left

rFire    + . .     SeeInvis +   v - +1 trident of the Fool {holy, MR++ Int+4}
rCold    + + .     Gourm    .   Z - +2 buckler {rPois}
rNeg     . . .     Faith    .   f - +3 robe of Clouds {+Thunder rCloud rElec}
rPois    +         Spirit   +   W - +1 hat
rElec    +         Reflect  .   L - scarf {Spirit}
rCorr    .         Harm     .   H - +1 pair of gloves "Rayhaix" {rC+ Dex+7}
MR       ++...                  d - +1 pair of boots
Stlth    +++.......             h - amulet of the acrobat
HPRegen  0.26/turn              P - ring "Giam" {+Inv MR- EV+1 Slay+3 SInv}
MPRegen  0.25/turn              n - ring of protection from fire

@: about to teleport, flying quickly and evasively, very slightly contaminated,
quick
A: horns 1, yellow scales 1, cold resistance 1, able to fly
a: Stop Flying, Renounce Religion, Evoke Thunderclouds, Evoke Invisibility


You were on level 3 of the Elven Halls.
You worshipped Vehumet.
Vehumet was extremely pleased with you.
You were not hungry.

You visited 4 branches of the dungeon, and saw 22 of its levels.
You also visited: Gauntlet.

You collected 4372 gold pieces.
You spent 4019 gold pieces at shops.

Inventory:

Hand Weapons
 a - a +7 dagger of electrocution
 r - a +0 blowgun
 v - the +1 trident of the Fool (weapon) {holy, MR++ Int+4}
   (You found it on level 6 of the Lair of Beasts)

   It has been blessed by the Shining One to cause great damage to the undead
   and demons.
   It affects your intelligence (+4).
   It affects your resistance to hostile enchantments.
 w - a +1 scimitar of protection
 y - a +1 eveningstar of venom
 I - the cursed +13 scythe of Curses {drain, *Curse}
   (You found it on level 3 of the Elven Halls)

   A truly terrible weapon, it drains the life of those it strikes.
   It curses itself when equipped.
   It has a curse placed upon it.
 Y - a +2 scimitar of flaming
Missiles
 t - 57 curare-tipped needles
 S - a throwing net (quivered) {!f}
Armour
 d - a +1 pair of boots (worn)
 f - the +3 robe of Clouds (worn) {+Thunder rCloud rElec}

   It insulates you from electricity.
 H - the +1 pair of gloves "Rayhaix" (worn) {rC+ Dex+7}
   (You bought it in a shop in the Orcish Mines)

   It affects your dexterity (+7).
   It protects you from cold.
 L - a scarf of spirit shield (worn)
 W - a +1 hat (worn)
 Z - a +2 buckler of poison resistance (worn)
Jewellery
 h - an amulet of the acrobat (around neck)
 n - a ring of protection from fire (right hand)
 A - a +3 ring of intelligence
 B - an uncursed amulet of guardian spirit
 E - an uncursed ring of protection from magic
 P - the ring "Giam" (left hand) {+Inv MR- EV+1 Slay+3 SInv}
   (You found it on level 1 of the Elven Halls)

   [ring of evasion]

   It affects your evasion (+1).
   It affects your accuracy and damage with ranged weapons and melee attacks
   (+3).
   It affects your resistance to hostile enchantments.
   It lets you see invisible.
   It lets you turn invisible.
 Q - an uncursed amulet of magic regeneration
Wands
 j - a wand of paralysis (4)
 M - a wand of flame (5)
 T - a wand of acid (9)
 U - a wand of iceblast (6)
 X - a wand of digging (10)
Scrolls
 e - a scroll of blinking
 i - 3 scrolls of amnesia
 p - 3 scrolls of magic mapping
 q - 3 scrolls of immolation
 u - a scroll of summoning
 C - 8 scrolls of teleportation
 F - a scroll of silence
 G - 2 scrolls of fog
 J - 19 scrolls of identify
 O - 7 scrolls of remove curse
 R - 3 scrolls of fear
Potions
 b - 2 potions of brilliance
 c - 4 potions of mutation
 k - 6 potions of curing
 l - a potion of cancellation
 m - 2 potions of lignification
 o - 4 potions of ambrosia
 s - 4 potions of resistance
 x - 5 potions of heal wounds
 z - 3 potions of agility
 D - 2 potions of might
 K - a potion of invisibility
 N - 3 potions of haste
Miscellaneous
 V - a fan of gales
Comestibles
 g - 42 rations {!d}


   Skills:
 - Level 7.7 Fighting
 - Level 0.7 Maces & Flails
 - Level 11.8 Dodging
 - Level 3.2 Stealth
 - Level 11.0 Shields
 - Level 13.8 Spellcasting
 + Level 17.2 Conjurations
 - Level 4.9 Charms
 - Level 9.1 Summonings
 - Level 1.9 Necromancy
 - Level 3.0 Translocations
 - Level 2.3 Fire Magic
 - Level 6.6 Ice Magic
 - Level 4.6 Air Magic
 - Level 4.6 Earth Magic
 - Level 8.5 Poison Magic
 - Level 11.7 Evocations


You had 2 spell levels left.
You knew the following spells:

 Your Spells              Type           Power        Failure   Level  Hunger
a - Spellforged Servitor  Conj/Summ      #######...   2%          7    #####..
b - Iskenderun's Mystic   Conj           #######.     0%          3    None
d - Mephitic Cloud        Conj/Pois/Air  ######..     1%          3    None
e - Blink                 Tloc           N/A          1%          2    None
f - Regeneration          Chrm/Necr      #####.....   1%          3    None
h - Inner Flame           Hex/Fire       N/A          1%          3    None
i - Sticky Flame          Conj/Fire      ######..     1%          4    None
j - Olgreb's Toxic Radia  Pois           ######..     1%          4    None
k - Iron Shot             Conj/Erth      ######....   1%          6    ####...
l - Freezing Cloud        Conj/Ice/Air   ######....   1%          6    ####...

Your spell library contained the following spells:

 Spells                   Type           Power        Failure   Level  Hunger
 Conjure Ball Lightning   Conj/Air       ######....   1%          6    ####...
 Magic Dart               Conj           ####         0%          1    None
 Searing Ray              Conj           ######       0%          2    None
 Animate Skeleton         Necr           N/A          1%          1    None
 Apportation              Tloc           #####.       1%          1    None
 Flame Tongue             Conj/Fire      #####        1%          1    None
 Freeze                   Ice            ######       1%          1    None
 Infusion                 Chrm           ######..     1%          1    None
 Pain                     Necr           ####         1%          1    None
 Sandblast                Erth           ######       1%          1    None
 Summon Butterflies       Summ           ######..     1%          1    None
 Call Imp                 Summ           ######..     1%          2    None
 Beastly Appendage        Tmut           ###...       2%          1    None
 Slow                     Hex            ###.....     2%          1    None
 Sticks to Snakes         Tmut           ###.....     3%          2    None
 Conjure Flame            Conj/Fire      ######..     1%          3    None
 False Image              Hex/Summ       #####...     1%          3    None
 Recall                   Summ/Tloc      N/A          1%          3    None
 Spider Form              Tmut/Pois      ###          1%          3    None
 Fulminant Prism          Conj/Hex       ######....   1%          4    None
 Summon Scorpions         Summ/Pois      ######..     1%          4    None
 Bolt of Draining         Conj/Necr      ######....   1%          5    None
 Fireball                 Conj/Fire      ######....   1%          5    None
 Irradiate                Conj/Tmut      ######....   1%          5    None
 Iskenderun's Battlesphe  Conj/Chrm      ######..     1%          5    None
 Lightning Bolt           Conj/Air       ######....   1%          5    None
 Bolt of Cold             Conj/Ice       #######...   1%          6    ####...
 Poison Arrow             Conj/Pois      #######...   1%          6    ####...
 Orb of Destruction       Conj           #######...   1%          7    #####..
 Vampiric Draining        Necr           ####......   3%          3    None
 Icicle Burst             Conj/Ice       #######...   4%          7    #####..
 Ice Form                 Ice/Tmut       #####...     5%          4    None
 Yara's Violent Unravell  Hex/Tmut       ###.......   6%          4    None
 Piercing Shot            Chrm           ######....   9%          5    None
 Animate Dead             Necr           N/A          10%         4    None
 Cause Fear               Hex            ###.......   22%         4    None
 Silence                  Hex/Air        #####.....   24%         5    None
 Chain Lightning          Conj/Air       ######....   38%         8    #######
 Deflect Missiles         Chrm/Air       ######....   43%         6    ####...
 Blade Hands              Tmut           ###.......   52%         5    None
 Tree Form                Hex/Tmut       N/A          52%         5    None
 Statue Form              Tmut/Erth      #####....    78%         6    ####...
 Dragon Form              Tmut           ###....      100%        7    #####..
 Discord                  Hex            ###.......   100%        8    #######
 Ignition                 Fire           #####.....   100%        8    #######
 Necromutation            Tmut/Necr      ####....     100%        8    #######
 Shatter                  Erth           ######....   100%        9    #######
 Tornado                  Air            ######....   100%        9    #######


Dungeon Overview and Level Annotations

Branches:
Dungeon (12/12)            Temple (0/1) D:5            Lair (6/6) D:7
 Shoals (0/3) Lair:4        Snake (0/3) Lair:2        Slime (0/5) Lair:6
    Orc (1/1) D:10            Elf (3/3) Orc          Vaults (0/3) D:12
 Depths (0/5) D:12

Altars:
Ashenzari
Cheibriados
Elyvilon
Fedhas
Gozag
Makhleb
Nemelex Xobeh
Okawaru
Ru
Sif Muna
Vehumet
Xom
Beogh

Shops:
D:4 :   D:8 [   Orc *?[*!?:}*   Elf:3 [!***

Annotations:
D:11 2 transporters, grocchini's ghost, journeyman DsAc
Lair:5 3 runed translucent doors, skelma's ghost, journeyman OpFE
Elf:2 3 runed doors


Innate Abilities, Weirdness & Mutations

You can fly continuously.
You have a pair of small horns on your head.
You are partially covered in yellow scales. (AC +2)
Your flesh is cold resistant. (rC+)


Message History

As you read the scroll of blinking, it crumbles to dust.
A freezing cloud appears from out of your range of vision.
The freezing cloud engulfs the Executioner.
The Executioner resists.
The Executioner is engulfed in freezing vapours.
The deep elf sorcerer moves out of view.
Casting: Spellforged Servitor (safe; 2% risk of failure)
Confirm with . or Enter, or press ? or * to list all spells.
You don't have enough magic to cast that spell.
Unknown command.
Unknown command.
As you read the scroll of teleportation, it crumbles to dust.
You feel strangely unstable.
The Executioner is engulfed in freezing vapours. x2
The Executioner completely misses you. The Executioner barely misses you.
The Executioner completely misses you. The Executioner closely misses you.
You block the Executioner's attack.
The Executioner completely misses you. x3; You block the Executioner's attack.
The Executioner hits you!!
You die...

#.#○## #.§°○# ##☼○##
##○## #..# #)##
#######.# # ##.)..1..#
## ##....@#### #.
#...)...##############.
#...)[..'............'.
#.......##############.
##...[.## #. ##...#'##
## ##'###.## # #.#
##.## ### #.#
##.###.###


You could see an Executioner.

Vanquished Creatures
  Gastronok (D:9)
  2 deep elf blademasters (Elf:3)
  2 deep elf sorcerers
  Louise (D:12)
  An orc warlord (D:12)
  A deep elf elementalist (Elf:3)
  2 deep elf demonologists
  4 deep elf annihilators (Elf:3)
  Snorg (Lair:5)
  2 deep elf death magi (Elf:3)
  A yaktaur captain (D:12)
  Erolcha (D:10)
  3 deep elf high priests
  Harold (D:10)
  5 hydras
  An ice dragon (D:9)
  Psyche (D:9)
  A two-headed ogre (Orc)
  5 death yaks
  4 centaur warriors
  13 dancing weapons
  8 orc high priests (Orc)
  Urug (Lair:6)
  Sonja (Orc)
  Nergalle (D:9)
  10 deep elf knights
  A skeletal warrior (D:9)
  3 unseen horrors
  A deep troll (shapeshifter) (Elf:1)
  3 orc knights
  11 deep elf archers
  6 cyclopes
  Pikel (D:7)
  An orc sorcerer (Orc)
  2 oklob plants (Lair:6)
  2 wolf spiders (Lair:6)
  4 centaur zombies
  6 ugly things
  37 deep elf magi
  7 elephants (Lair:6)
  4 torpor snails
  A guardian serpent (Lair:6)
  2 molten gargoyles (Lair:4)
  11 black mambas
  A gargoyle (D:11)
  5 komodo dragons
  17 cane toads
  2 yaktaurs
  An efreet (D:9)
  A tengu conjurer (D:9)
  3 trolls
  5 hornets
  Prince Ribbit (D:7)
  9 polar bears (Lair:6)
  4 raiju (Lair:6)
  15 slime creatures
  15 blink frogs
  8 dream sheep
  7 hippogriffs
  Sigmund (D:2)
  2 air elementals
  3 redbacks (Lair:6)
  4 fire elementals
  3 water elementals (Elf:1)
  7 wyverns (Lair:6)
  20 yaks
  3 basilisks
  4 hungry ghosts
  5 vampire mosquitoes
  9 wargs
  2 soldier ants
  An acid dragon (D:9)
  27 water moccasins
  Duvessa (D:4)
  10 porcupines
  18 orc warriors
  17 black bears
  13 hell hounds (Lair:6)
  5 sky beasts
  An eye of draining (D:9)
  2 ice beasts
  2 slaves (D:7)
  3 phantoms
  2 necrophages (D:9)
  2 centaurs
  5 ogres
  17 wolves
  4 big kobolds
  12 crocodiles
  13 bullfrogs
  3 earth elementals
  2 gnoll sergeants
  Dowan (D:4)
  3 scorpions
  A water moccasin skeleton (D:7)
  10 wights
  An electric eel (Lair:1)
  5 lava snakes (Lair:4)
  3 crimson imps
  A bullfrog zombie (D:4)
  3 hounds
  6 jellies
  A quasit (D:6)
  29 orc priests
  18 orc wizards
  A bullfrog skeleton (D:9)
  A gnoll shaman (D:5)
  5 centaur skeletons
  Jessica (D:3)
  11 worker ants
  Ijyb (D:3)
  4 iguanas
  A hound zombie (D:9)
  2 worker ant zombies
  18 adders
  18 gnolls
  3 shadow imps
  4 oozes
  2 adder skeletons
  3 dart slugs
  3 leopard geckos
  70 orcs
  A ball python (Lair:2)
  4 bats
  3 giant cockroaches (D:1)
  4 goblins
  6 hobgoblins
  2 jackals (D:3)
  2 quokkas
  3 frilled lizards
  14 kobolds
  3 rats
  6 fungi
  6 plants
778 creatures vanquished.

Vanquished Creatures (collateral kills)
  2 deep elf master archers (Elf:3)
  A deep elf sorcerer (Elf:3)
  A deep elf elementalist (Elf:3)
  A deep elf annihilator (Elf:3)
  2 deep elf death magi (Elf:3)
  2 dancing weapons (Elf:3)
  2 deep elf magi (Elf:3)
  An elephant (Lair:6)
  A torpor snail (Lair:1)
  A slime creature (Lair:6)
  A yak (Lair:6)
  An orc priest (Orc)
  An orc wizard (Orc)
  2 orcs (Orc)
19 creatures vanquished.

Vanquished Creatures (others)
  An elephant (Lair:6)
  A torpor snail (Lair:1)
  An orc priest (Orc)
  A bullfrog skeleton (D:9)
  2 orcs (Orc)
  2 bushes (Lair:6)
  32 fungi
  64 plants
104 creatures vanquished.

Grand Total: 901 creatures vanquished

Notes
Turn   | Place    | Note
-------+----------+-------------------------------------------
     0 | D:1      | Chiseanne the Avariel Archaeologist began the quest for the
                  | Orb.
     0 | D:1      | Reached XP level 1. HP: 11/11 MP: 3/3
    11 | D:1      | Reached skill level 1 in Fighting
   301 | D:1      | Reached XP level 2. HP: 17/17 MP: 4/4
  1072 | D:1      | Reached XP level 3. HP: 22/22 MP: 5/5
  1602 | D:2      | Reached skill level 1 in Spellcasting
  1651 | D:2      | Noticed Sigmund
  1964 | D:2      | Killed Sigmund
  1964 | D:2      | Reached XP level 4. HP: 18/27 MP: 8/15
  1964 | D:2      | Reached XP level 5. HP: 21/31 MP: 9/17
  2063 | D:2      | Found a faded altar of an unknown god.
  2618 | D:3      | Reached XP level 6. HP: 36/36 MP: 19/19
  2887 | D:3      | Noticed Ijyb
  3118 | D:3      | Killed Ijyb
  3154 | D:3      | Noticed Jessica
  3171 | D:3      | Killed Jessica
  3461 | D:3      | Reached skill level 1 in Evocations
  3867 | D:3      | Found a radiant altar of Vehumet.
  3877 | D:3      | Became a worshipper of Vehumet
  4002 | D:3      | Noticed a swamp drake
  4002 | D:3      | a hobgoblin changed into a swamp drake
  4355 | D:4      | Found Zoatios's Book Emporium.
  4357 | D:4      | Noticed a sky beast
  4388 | D:4      | Killed a sky beast
  4388 | D:4      | Reached XP level 7. HP: 28/41 MP: 21/21
  5151 | D:4      | Noticed Dowan
  5151 | D:4      | Noticed Duvessa
  5163 | D:5      | Entered Level 5 of the Dungeon
  5326 | D:5      | Reached XP level 8. HP: 7/54 MP: 22/22
  5328 | D:5      | Gained mutation: You are clumsy. (Dex -2) [potion of
                  | mutation]
  5328 | D:5      | Gained mutation: Scrolls take you a little longer to read.
                  | [potion of mutation]
  5328 | D:5      | Gained mutation: You possess an exceptional clarity of
                  | mind. [potion of mutation]
  5328 | D:5      | Gained mutation: You have sharp toenails. [potion of
                  | mutation]
  6113 | D:4      | Bought a book of Minor Magic for 240 gold pieces
  6116 | D:4      | Learned a level 1 spell: Magic Dart
  6119 | D:4      | Learned a level 2 spell: Blink
  6127 | D:4      | Learned a level 3 spell: Conjure Flame
  6131 | D:4      | Learned a level 3 spell: Mephitic Cloud
  6276 | D:5      | Found a staircase to the Ecumenical Temple.
  6304 | D:5      | Reached skill level 1 in Conjurations
  6439 | D:4      | Killed Duvessa
  6439 | D:4      | Reached skill level 1 in Air Magic
  6442 | D:4      | Killed Dowan
  6442 | D:4      | Reached skill level 1 in Poison Magic
  6442 | D:4      | Gained mutation: You can fly continuously. [Avariel growth]
  6442 | D:4      | Reached XP level 9. HP: 58/58 MP: 7/23
  6569 | D:4      | Reached skill level 2 in Conjurations
  6696 | D:4      | Reached * piety under Vehumet
  6696 | D:4      | Offered knowledge of Freeze by Vehumet.
  7055 | D:4      | Learned a level 3 spell: Iskenderun's Mystic Blast
  7059 | D:4      | Learned a level 3 spell: Regeneration
  7686 | D:5      | Reached skill level 3 in Conjurations
  8359 | D:6      | Reached skill level 4 in Conjurations
  8453 | D:6      | Found an opulent altar of Gozag.
  8892 | D:6      | Found a sparkling altar of Nemelex Xobeh.
  9339 | D:7      | Offered knowledge of Flame Tongue by Vehumet.
  9342 | D:7      | Learned a level 1 spell: Flame Tongue
  9351 | D:7      | Reached skill level 5 in Conjurations
  9368 | D:7      | Reached ** piety under Vehumet
  9441 | D:7      | Reached skill level 6 in Conjurations
  9441 | D:7      | Reached XP level 10. HP: 64/64 MP: 4/24
  9624 | D:7      | Noticed Prince Ribbit
  9635 | D:7      | Killed Prince Ribbit
  9708 | D:7      | Learned a level 3 spell: Inner Flame
  9745 | D:7      | Reached skill level 7 in Conjurations
  9753 | D:7      | Reached skill level 1 in Translocations
  9892 | D:7      | Noticed Pikel
  9915 | D:7      | Killed Pikel
  9915 | D:7      | Reached skill level 1 in Fire Magic
 10361 | D:7      | Found a staircase to the Lair.
 10844 | D:8      | Found Caifedi's Antique Armour Boutique.
 10847 | D:8      | Noticed Harold
 11026 | D:8      | Found a shimmering altar of Xom.
 11063 | D:8      | Found a shattered altar of Ashenzari.
 11063 | D:8      | Found a white marble altar of Elyvilon.
 11065 | D:8      | Found a burning altar of Makhleb.
 11065 | D:8      | Found a snail-covered altar of Cheibriados.
 11431 | Lair:1   | Entered Level 1 of the Lair of Beasts
 11491 | Lair:1   | Reached skill level 8 in Conjurations
 11764 | Lair:1   | Learned a level 4 spell: Sticky Flame
 11870 | Lair:1   | Noticed a torpor snail
 11876 | Lair:1   | Noticed a torpor snail
 11877 | Lair:1   | Killed a torpor snail
 11879 | Lair:1   | Noticed a torpor snail
 11879 | Lair:1   | Noticed a torpor snail
 11907 | Lair:1   | Killed a torpor snail
 11907 | Lair:1   | Reached XP level 11. HP: 49/68 MP: 8/26
 11934 | Lair:1   | Offered knowledge of Stone Arrow by Vehumet.
 12313 | Lair:1   | Reached skill level 9 in Conjurations
 12959 | Lair:1   | Found a snail-covered altar of Cheibriados.
 13494 | Lair:2   | Reached skill level 10 in Spellcasting
 13497 | Lair:2   | Reached skill level 10 in Conjurations
 13750 | Lair:2   | Reached *** piety under Vehumet
 13947 | Lair:2   | Found a staircase to the Snake Pit.
 13972 | Lair:2   | Reached skill level 11 in Conjurations
 15946 | Lair:4   | Offered knowledge of Airstrike by Vehumet.
 15959 | Lair:3   | Reached skill level 1 in Charms
 15959 | Lair:3   | Reached skill level 1 in Necromancy
 16099 | Lair:4   | Reached skill level 1 in Shields
 16099 | Lair:4   | Reached XP level 12. HP: 65/73 MP: 23/29
 16884 | Lair:4   | Found a staircase to the Shoals.
 17020 | Lair:4   | Noticed a six-headed hydra
 17035 | Lair:4   | Killed a six-headed hydra
 18317 | Lair:5   | Lost mutation: You possess an exceptional clarity of mind.
                  | [potion of mutation]
 18317 | Lair:5   | Lost mutation: You have sharp toenails. [potion of
                  | mutation]
 18317 | Lair:5   | Lost mutation: Scrolls take you a little longer to read.
                  | [potion of mutation]
 18317 | Lair:5   | Gained mutation: Scrolls take you a little longer to read.
                  | [potion of mutation]
 18317 | Lair:5   | Gained mutation: You are robust. (+10% HP) [potion of
                  | mutation]
 18317 | Lair:5   | Gained mutation: You expend magic power (3 MP) to
                  | strengthen your wands. [potion of mutation]
 18317 | Lair:5   | Gained mutation: You have sharp fingernails. [potion of
                  | mutation]
 18318 | Lair:5   | Lost mutation: Scrolls take you a little longer to read.
                  | [potion of mutation]
 18318 | Lair:5   | Lost mutation: You expend magic power (3 MP) to strengthen
                  | your wands. [potion of mutation]
 18318 | Lair:5   | Lost mutation: You are robust. (+10% HP) [potion of
                  | mutation]
 18318 | Lair:5   | Gained mutation: You possess an exceptional clarity of
                  | mind. [potion of mutation]
 18318 | Lair:5   | Lost mutation: You possess an exceptional clarity of mind.
                  | [potion of mutation]
 18318 | Lair:5   | Gained mutation: Your spells are a little harder to cast,
                  | but a little more powerful. [potion of mutation]
 18403 | Lair:5   | Found a runed translucent gate.
 18403 | Lair:5   | Found a runed translucent gate.
 18403 | Lair:5   | Found a runed translucent gate.
 18404 | Lair:5   | Noticed skelma's ghost (journeyman OpFE)
 18633 | Lair:6   | Entered Level 6 of the Lair of Beasts
 18634 | Lair:6   | Noticed Snorg
 18787 | Lair:5   | Killed Snorg
 18787 | Lair:5   | Reached skill level 5 in Shields
 18787 | Lair:5   | Reached skill level 5 in Evocations
 18920 | Lair:6   | Noticed a death yak
 18920 | Lair:6   | Noticed a death yak
 18920 | Lair:6   | Noticed a death yak
 18920 | Lair:6   | Noticed a death yak
 18920 | Lair:6   | Noticed a death yak
 18939 | Lair:5   | Killed a death yak
 19193 | Lair:6   | Noticed a six-headed hydra
 19461 | Lair:6   | Reached **** piety under Vehumet
 19490 | Lair:6   | Killed a six-headed hydra
 19600 | Lair:6   | Reached XP level 13. HP: 78/78 MP: 20/30
 20473 | Lair:6   | Offered knowledge of Olgreb's Toxic Radiance by Vehumet.
 20479 | Lair:6   | Learned a level 4 spell: Olgreb's Toxic Radiance
 20872 | Lair:6   | Reached skill level 5 in Poison Magic
 21621 | Lair:6   | Reached skill level 10 in Evocations
 22073 | Lair:6   | Noticed Urug
 22077 | Lair:6   | Killed Urug
 22119 | Lair:6   | Reached XP level 14. HP: 83/83 MP: 22/31
 22453 | Lair:6   | Reached ***** piety under Vehumet
 22648 | Lair:6   | Offered knowledge of Iron Shot by Vehumet.
 22746 | Lair:6   | Learned a level 6 spell: Iron Shot
 22756 | Lair:6   | Lost mutation: You are clumsy. (Dex -2) [potion of
                  | mutation]
 22756 | Lair:6   | Lost mutation: You have sharp fingernails. [potion of
                  | mutation]
 22756 | Lair:6   | Gained mutation: You are partially covered in yellow
                  | scales. (AC +2) [potion of mutation]
 22756 | Lair:6   | Lost mutation: Your spells are a little harder to cast, but
                  | a little more powerful. [potion of mutation]
 22756 | Lair:6   | Gained mutation: You have a pair of small horns on your
                  | head. [potion of mutation]
 22756 | Lair:6   | Gained mutation: Your flesh is cold resistant. (rC+)
                  | [potion of mutation]
 22759 | Lair:6   | Found a staircase to the Slime Pits.
 23477 | Lair:6   | Got a twisted trident
 23482 | Lair:6   | Identified the +1 trident of the Fool {holy, MR++ Int+4}
                  | (You found it on level 6 of the Lair of Beasts)
 23735 | Lair:6   | Reached skill level 1 in Earth Magic
 23989 | Lair:6   | Got a crude quarterstaff
 24493 | D:4      | Bought a book of the Tempests for 840 gold pieces
 24582 | D:8      | Identified a scroll of acquirement
 24666 | D:8      | Found a deep blue altar of Sif Muna.
 24775 | D:8      | Found a blossoming altar of Fedhas.
 25526 | D:9      | Identified Vehumet's Catalogue of Arcane Weapons
 26204 | D:9      | Identified the +6 quarterstaff of Temoq {crush, -Tele rF++
                  | rN+ MR+} (You found it on level 6 of the Lair of Beasts)
 26310 | D:9      | Noticed Nergalle
 26318 | D:9      | Killed Nergalle
 26537 | D:9      | Noticed Gastronok
 26554 | D:9      | Killed Gastronok
 26576 | D:9      | Noticed Psyche
 26587 | D:9      | Killed Psyche
 26751 | D:9      | Offered knowledge of Ozocubu's Refrigeration by Vehumet.
 27122 | D:9      | Reached XP level 15. HP: 73/88 MP: 23/34
 27198 | D:10     | Entered Level 10 of the Dungeon
 27272 | D:10     | Killed Harold
 27514 | D:10     | Noticed Erolcha
 27522 | D:10     | Killed Erolcha
 28088 | D:10     | Found a staircase to the Orcish Mines.
 28620 | D:10     | Identified Sif Muna's Papyrus of the Creative Snowflakes
 28625 | D:10     | Got a fine ring mail
 28791 | Orc      | Entered the Orcish Mines
 28964 | D:10     | Upgraded the game from bcrawl-1.12.2 to bcrawl-1.13
 28978 | Orc      | Found Hipneix's Armour Boutique.
 29265 | Orc      | Found Waem's Magic Scroll Boutique.
 29281 | Orc      | Bought a scroll of identify for 26 gold pieces
 29281 | Orc      | Bought a scroll of identify for 26 gold pieces
 29281 | Orc      | Bought a scroll of enchant weapon for 97 gold pieces
 29281 | Orc      | Bought a scroll of magic mapping for 45 gold pieces
 29281 | Orc      | Bought a scroll of teleportation for 39 gold pieces
 29281 | Orc      | Bought a scroll of teleportation for 39 gold pieces
 29281 | Orc      | Bought a scroll of teleportation for 39 gold pieces
 29281 | Orc      | Bought a scroll of teleportation for 39 gold pieces
 29281 | Orc      | Bought a scroll of magic mapping for 45 gold pieces
 29382 | Orc      | Identified the +7 ring mail of Insatiable Hunger {rElec rF+
                  | Dex-5 SInv} (You found it on level 10 of the Dungeon)
 29389 | Orc      | Found Emeod's Magic Scroll Shoppe.
 29397 | Orc      | Bought a scroll of teleportation for 39 gold pieces
 29397 | Orc      | Bought a scroll of teleportation for 39 gold pieces
 29397 | Orc      | Bought a scroll of remove curse for 39 gold pieces
 29397 | Orc      | Bought 3 scrolls of identify for 78 gold pieces
 29397 | Orc      | Bought a scroll of blinking for 97 gold pieces
 29397 | Orc      | Bought a scroll of identify for 26 gold pieces
 29397 | Orc      | Bought a scroll of identify for 26 gold pieces
 29397 | Orc      | Bought 2 scrolls of identify for 52 gold pieces
 29397 | Orc      | Bought 3 scrolls of enchant weapon for 292 gold pieces
 29457 | Orc      | Found Raysiuco's Assorted Antiques.
 29458 | Orc      | Reached ****** piety under Vehumet
 29458 | Orc      | Offered knowledge of Lee's Rapid Deconstruction by Vehumet.
 29479 | Orc      | HP: 3/88 [orc priest/divine providence (9)]
 29831 | Orc      | Found Norij's Book Shoppe.
 29833 | Orc      | Found Karaot's Gadget Boutique.
 29841 | Orc      | Noticed Sonja
 30366 | Orc      | Found Zolof's Distillery.
 30366 | Orc      | Found Vameqor's General Store.
 30371 | Orc      | Bought a potion of brilliance for 64 gold pieces
 30371 | Orc      | Bought a potion of heal wounds for 80 gold pieces
 30371 | Orc      | Bought a potion of curing for 48 gold pieces
 30382 | Orc      | Bought a scroll of summoning for 161 gold pieces
 30392 | Orc      | Found a roughly hewn altar of Beogh.
 30450 | Orc      | Found Koz Zizi's General Store.
 30467 | Orc      | Reached skill level 10 in Shields
 30595 | Orc      | Bought the +1 pair of gloves "Rayhaix" {rC+ Dex+7} for 534
                  | gold pieces
 30595 | Orc      | Bought a scroll of magic mapping for 49 gold pieces
 30595 | Orc      | Bought a potion of haste for 140 gold pieces
 30595 | Orc      | Bought a scroll of blinking for 105 gold pieces
 30748 | Orc      | Killed Sonja
 30916 | Orc      | Bought a scroll labeled DEOWET ETHRECO for 31 gold pieces
 30916 | Orc      | Bought a scroll of teleportation for 93 gold pieces
 31048 | Orc      | Found a staircase to the Elven Halls.
 31385 | D:11     | Found an iron altar of Okawaru.
 31396 | D:11     | Found a gate leading to a gauntlet.
 31398 | D:11     | Found a transporter.
 31408 | Gauntlet | Entered a Gauntlet
 31408 | Gauntlet | Found a transporter.
 31416 | Gauntlet | Found a transporter.
 31418 | Gauntlet | Found a transporter.
 31420 | Gauntlet | Found a transporter.
 31433 | Gauntlet | Found a transporter.
 31446 | Gauntlet | Found a transporter.
 31452 | Gauntlet | Found a transporter.
 31467 | Gauntlet | Found a transporter.
 31486 | Gauntlet | Found a transporter.
 31498 | Gauntlet | Found a transporter.
 31523 | Gauntlet | Found a transporter.
 31529 | Gauntlet | Found a transporter.
 31548 | Gauntlet | Found a transporter.
 31560 | Gauntlet | Found a transporter.
 31566 | Gauntlet | Found a transporter.
 31566 | Gauntlet | Found a transporter.
 31609 | Gauntlet | Found a transporter.
 31636 | Gauntlet | Found a transporter.
 31848 | D:11     | Noticed grocchini's ghost (journeyman DsAc)
 31861 | D:11     | Found a transporter.
 32558 | D:12     | Entered Level 12 of the Dungeon
 32575 | D:12     | Offered knowledge of Freezing Cloud by Vehumet.
 32583 | D:12     | Learned a level 6 spell: Freezing Cloud
 32656 | D:12     | Reached skill level 1 in Ice Magic
 32790 | D:12     | Found a sacrificial altar of Ru.
 32816 | D:12     | Noticed an orc warlord
 32845 | D:12     | Killed an orc warlord
 33113 | D:12     | Noticed Louise
 33137 | D:12     | Killed Louise
 33445 | D:12     | Reached skill level 5 in Ice Magic
 33490 | D:12     | Found a gate to the Vaults.
 33686 | D:12     | Reached XP level 16. HP: 92/92 MP: 3/35
 34351 | D:12     | Found a staircase to the Depths.
 34606 | D:12     | Upgraded the game from bcrawl-1.13 to
                  | bcrawl-1.13-1-g4ae1fcee6e
 34953 | Elf:1    | Entered Level 1 of the Elven Halls
 34975 | Elf:1    | Reached skill level 12 in Conjurations
 35299 | Elf:1    | Got a transparent granite ring
 35300 | Elf:1    | Identified the ring "Giam" {+Inv MR- EV+1 Slay+3 SInv} (You
                  | found it on level 1 of the Elven Halls)
 35744 | Elf:1    | Reached skill level 13 in Conjurations
 36280 | Elf:1    | Reached skill level 14 in Conjurations
 36858 | Elf:2    | Reached skill level 15 in Conjurations
 37303 | Elf:2    | Learned a level 7 spell: Spellforged Servitor
 37385 | Elf:2    | Reached skill level 1 in Summonings
 37386 | Elf:2    | Offered knowledge of Conjure Ball Lightning by Vehumet.
 37457 | Elf:2    | Found a runed gate.
 37457 | Elf:2    | Found a runed gate.
 37457 | Elf:2    | Found a runed gate.
 37949 | Elf:3    | Entered Level 3 of the Elven Halls
 37949 | Elf:3    | Found Pauma's Assorted Antiques.
 38114 | Elf:2    | Reached skill level 5 in Summonings
 38149 | Elf:3    | Found Byecedu's Assorted Antiques.
 38273 | Elf:3    | Bought a runed buckler for 217 gold pieces
 38273 | Elf:3    | Bought a potion of curing for 87 gold pieces
 38374 | Elf:3    | Found Zaus's Distillery.
 38378 | Elf:3    | Bought a potion of curing for 39 gold pieces
 38378 | Elf:3    | Bought a potion of curing for 39 gold pieces
 38378 | Elf:3    | Bought a potion of heal wounds for 65 gold pieces
 38378 | Elf:3    | Bought a potion of curing for 39 gold pieces
 38378 | Elf:3    | Bought a potion of heal wounds for 65 gold pieces
 38385 | Elf:3    | Found Peppil's Antique Armour Shoppe.
 38529 | Elf:3    | Reached XP level 17. HP: 36/97 MP: 3/36
 38953 | Elf:3    | Noticed a deep elf master archer
 38956 | Elf:3    | Identified the cursed +0 halberd of Outrage {drain, rElec
                  | MP+9 Int+2}
 38961 | Elf:3    | Killed a deep elf master archer
 39085 | Elf:3    | Noticed a deep elf master archer
 39088 | Elf:3    | Noticed a deep elf blademaster
 39096 | Elf:3    | Killed a deep elf blademaster
 39096 | Elf:3    | Reached skill level 16 in Conjurations
 39098 | Elf:3    | Killed a deep elf master archer
 39100 | Elf:3    | Identified the cursed +1 short sword of Spite {antimagic,
                  | rPois rF+ rN++ MR-}
 39507 | Elf:3    | Found Vaann's General Store.
 39549 | Elf:3    | Found the cursed +13 scythe of Curses {drain, *Curse}
 39809 | Elf:3    | Reached skill level 17 in Conjurations
 39972 | Elf:3    | Noticed a deep elf blademaster
 39976 | Elf:3    | Noticed an Executioner
 39976 | Elf:3    | Identified the +7 chain mail of Trog's Anger {Str+4 Dex+7}
 39978 | Elf:3    | Killed a deep elf blademaster
 39986 | Elf:3    | Slain by an Executioner

Skill      XL: |  1  2  3  4  5  6  7  8  9 10 11 12 13 14 15 16 17 |
---------------+----------------------------------------------------+-----
Fighting       | 1 2 3 7 |  7.7
Spellcasting   | 7 8 9 11 13 | 13.8
Evocations     | 2 3 6 10 11 | 11.7
Dodging        | 4 11 | 11.8
Conjurations   | 1 6 8 11 15 17 | 17.2
Air Magic      | 1 4 |  4.6
Poison Magic   | 1 3 7 8 |  8.5
Translocations | 3 |  3.0
Fire Magic     | 2 |  2.3
Charms         | 1 4 |  4.9
Necromancy     | 1 |  1.9
Shields        | 1 6 7 11 | 11.0
Earth Magic    | 4 |  4.6
Ice Magic      | 5 6 |  6.6
Summonings     | 6 9 |  9.1
Maces & Flails | |  0.7
Stealth        | |  3.2

Action                   |  1- 3 |  4- 6 |  7- 9 | 10-12 | 13-15 | 16-18 || total
-------------------------+-------+-------+-------+-------+-------+-------++-------
Melee: Whip              |    51 |       |       |       |       |       ||    51
       Short sword       |    75 |   130 |    72 |       |       |       ||   277
       Dagger            |       |       |   167 |   104 |   280 |   105 ||   656
       Headbutt          |       |       |       |       |    47 |    32 ||    79
       Trident           |       |       |       |       |    13 |     3 ||    16
 Fire: Blowgun           |       |       |       |       |    18 |       ||    18
Throw: Stone             |       |     1 |       |       |       |       ||     1
       Tomahawk          |       |       |       |     1 |       |       ||     1
 Cast: Magic Dart        |       |       |   130 |   169 |    40 |     1 ||   340
       Mephitic Cloud    |       |       |     7 |    12 |    17 |     7 ||    43
       Conjure Flame     |       |       |     5 |     7 |    11 |       ||    23
       Iskenderun's Myst |       |       |    33 |   288 |   717 |   206 ||  1244
       Blink             |       |       |       |    11 |     3 |       ||    14
       Sticky Flame      |       |       |       |     2 |     1 |       ||     3
       Inner Flame       |       |       |       |     1 |     3 |       ||     4
       Olgreb's Toxic Ra |       |       |       |       |    12 |       ||    12
       Freezing Cloud    |       |       |       |       |       |    17 ||    17
       Spellforged Servi |       |       |       |       |       |     9 ||     9
       Iron Shot         |       |       |       |       |       |     3 ||     3
 Abil: Evoke Berserk Rag |       |     2 |     2 |       |       |       ||     4
       Fly               |       |       |     1 |       |       |       ||     1
       Evoke Thunderclou |       |       |       |       |     3 |       ||     3
Evoke: Wand              |     2 |    12 |       |    21 |    53 |     3 ||    91
       Fan of gales      |       |       |       |       |     1 |       ||     1
  Use: Scroll            |     2 |     8 |     8 |     9 |    19 |    10 ||    56
       Potion            |     1 |     2 |     4 |     5 |     6 |     1 ||    19
 Stab: Sleeping          |     4 |     4 |     4 |       |     2 |     1 ||    15
       Confused          |       |       |       |     2 |     2 |       ||     4
       Distracted        |       |       |       |     1 |       |       ||     1
       Paralysed         |       |       |       |       |    32 |       ||    32
  Eat: Chunk             |     3 |     6 |    11 |    16 |    19 |    12 ||    67
       Ration            |       |     1 |     2 |     4 |     7 |     4 ||    18
Armor: Robe              |    39 |     1 |    27 |    21 |    53 |    21 ||   162
       Leather armour    |       |    17 |    19 |       |       |       ||    36
Dodge: Dodged            |    96 |    85 |   168 |   136 |   361 |   148 ||   994
Block: Buckler           |       |       |       |    11 |    51 |    18 ||    80
       Shield            |       |       |       |       |   126 |    58 ||   184
